 Dungeon Crawl Stone Soup version 0.29.1-12-g30fa7ad0bf (webtiles) character file.

Game seed: 17703905814329585618

33822 croobank the Nimble (level 13, -1/62 (64) HPs)
             Began as a Felid Summoner on Dec 25, 2022.
             Was an Initiate of Gozag.
             Killed from afar by an orc sorcerer (15 damage)
             ... with a bolt of negative energy
             ... on level 1 of the Orcish Mines on Dec 26, 2022.
             The game lasted 01:57:58 (31824 turns).

croobank the Nimble (Felid Summoner)               Turns: 31824, Time: 01:57:59

HP:   -1/62 (64)    AC:  3    Str:  4    XL:     13   Next: 38%
MP:   3/29          EV: 28    Int: 26    God:    Gozag
Gold: 2043          SH:  0    Dex: 18    Spells: 10/35 levels left
                                        Lives: 0   Deaths: 4

rFire   . . .      SeeInvis +   (weapon unavailable)
rCold   + . .      Faith    .   (shield unavailable)
rNeg    . . .      Spirit   .   (body armour unavailable)
rPois   +          Reflect  .   (helmet unavailable)
rElec   .          Harm     .   (cloak unavailable)
rCorr   .          Rampage  .   (gloves unavailable)
Will    +....                   (boots unavailable)
Stlth   +++.......              E - amulet of regeneration
HPRegen 1.00/turn               J - +6 ring of intelligence
MPRegen 0.21/turn               B - ring of poison resistance

@: marked, forested, lightly drained, quick
A: very small, claws 1, fangs 3, see invisible, speed 1, shaggy fur 3, stealthy
paws, no weapons or thrown items, no armour, multi-lived
a: Renounce Religion, Potion Petition, Call Merchant, Bribe Branch


You were on level 1 of the Orcish Mines.
You worshipped Gozag.
Gozag was most pleased with you.
You visited 4 branches of the dungeon, and saw 20 of its levels.
You also visited: Bailey.

You collected 5177 gold pieces.
You spent 2256 gold pieces at shops.
You paid 878 gold pieces to Gozag.

Inventory:

Jewellery
 b - the ring of Midsummer {Fly rPois rF- Int+3}
   (You found it on level 5 of the Lair of Beasts)

   [ring of flight]

   Int:       It affects your intelligence (+3).
   rF:        It makes you vulnerable to fire.
   rPois:     It protects you from poison.
   Fly:       It grants you flight.
 i - a +4 ring of evasion
 l - the amulet "Kiudaul" {Spirit rN+ Str+3}
   (You found it on level 9 of the Dungeon)

   [amulet of guardian spirit]

   It causes incoming damage to be divided between your reserves of health and
   magic.
   Str:       It affects your strength (+3).
   rN:        It protects you from negative energy.
 m - a +6 ring of dexterity
 n - a ring of fire
 p - the ring of Qoopt {rC+ Dex+3 Slay+2 Stlth-}
   (You found it on level 3 of the Dungeon)

   [ring of protection from cold]

   Dex:       It affects your dexterity (+3).
   Slay:      It affects your accuracy & damage with ranged weapons and melee
   (+2).
   rC:        It protects you from cold.
   Stlth:     It makes you less stealthy.
 B - a ring of poison resistance (right paw)
 C - a +4 ring of evasion
 E - an amulet of regeneration (around neck)
 I - a +6 ring of dexterity
 J - a +6 ring of intelligence (left paw)
Wands
 j - a wand of polymorph (5)
 x - a wand of iceblast (17)
 y - a wand of flame (2)
Scrolls
 e - 6 scrolls of teleportation
 o - 2 scrolls of amnesia
 q - 3 scrolls of fear
 r - a scroll of magic mapping
 t - 2 scrolls of fog
 u - 6 scrolls of identify
 v - 4 scrolls of vulnerability
 z - 3 scrolls of poison
 D - a scroll of blinking
 F - a scroll of silence
 H - a scroll of torment {unknown}
 L - a scroll of immolation
Potions
 a - 2 potions of cancellation
 c - 5 potions of resistance
 d - 4 potions of brilliance
 f - 5 potions of might
 g - 3 potions of attraction
 h - 4 potions of curing
 k - a potion of haste
 s - 3 potions of mutation
 w - 3 potions of lignification
 A - 3 potions of heal wounds
 G - 4 potions of invisibility
 K - 3 potions of magic


   Skills:
 + Level 11.9 Fighting
 + Level 14.8 Dodging
 - Level 5.1 Stealth
 + Level 11.5 Spellcasting
 - Level 5.0 Hexes
 - Level 12.5 Summonings
 - Level 10.0 Translocations
 - Level 7.0 Air Magic


You had 10 spell levels left.
You knew the following spells:

 Your Spells              Type           Power      Damage    Failure   Level
a - Summon Small Mammal   Summ           100%       N/A       1%          1
b - Call Imp              Summ           68%        N/A       1%          2
c - Call Canine Familiar  Summ           68%        N/A       1%          3
d - Summon Guardian Gole  Hex/Summ       57%        N/A       1%          3
e - Summon Lightning Spi  Summ/Air       60%        N/A       1%          4
f - Apportation           Tloc           100%       N/A       1%          1
g - Summon Cactus Giant   Summ           34%        N/A       3%          6
h - Summon Forest         Summ/Tloc      32%        N/A       1%          5

Your spell library contained the following spells:

 Spells                   Type           Power      Damage    Failure   Level
 Gell's Gravitas          Tloc           61%        N/A       1%          3
 Summon Ice Beast         Ice/Summ       47%        N/A       3%          4
 Foxfire                  Conj/Fire      56%        2x1d6     4%          1
 Freeze                   Ice            56%        1d7       4%          1
 Inner Flame              Hex/Fire       27%        N/A       4%          3
 Iskenderun's Mystic Bla  Conj/Tloc      40%        2d9       4%          4
 Dispersal                Tloc           30%        N/A       10%         6
 Conjure Flame            Conj/Fire      14%        6-21      12%         3
 Frozen Ramparts          Ice            28%        1d5       12%         3
 Vampiric Draining        Necr           14%        2d7       12%         3
 Malign Gateway           Summ/Tloc      32%        N/A       32%         7
 Flame Wave               Conj/Fire      14%        2d6       36%         4
 Hailstorm                Conj/Ice       14%        3d5       36%         4
 Alistair's Intoxication  Tmut/Pois      9%         N/A       73%         5
 Blade Hands              Tmut           7%         N/A       73%         5
 Borgnjor's Vile Clutch   Necr/Erth      7%         N/A       73%         5
 Irradiate                Conj/Tmut      7%         3d14      73%         5
 Summon Horrible Things   Summ           34%        N/A       83%         8
 Spellforged Servitor     Conj/Summ      23%        N/A       95%         7
 Death Channel            Necr           7%         N/A       99%         6
 Dragon Form              Tmut           7%         N/A       100%        7
 Animate Dead             Necr           Unusable   N/A       N/A         4
 Simulacrum               Ice/Necr       Unusable   N/A       N/A         6

Dungeon Overview and Level Annotations

Branches:
Dungeon (12/15)            Temple (1/1) D:5            Lair (5/5) D:11
  Swamp (0/4) Lair:3        Snake (0/4) Lair:3        Slime (0/5) Lair:5
    Orc (2/2) D:11            Elf (0/3) Orc:2        Bailey (visited)

Altars:
Ashenzari
Cheibriados
Dithmenos
Elyvilon
Fedhas
Gozag
Makhleb
Nemelex Xobeh
Okawaru
Qazlal
Ru
Trog
Uskayaw
Vehumet
Wu Jian
Xom
Yredelemnul
Zin
The Shining One

Shops:
D:9 :   Orc:2 [

Annotations:
D:2 1 runed translucent door, Crazy Yiuf
D:10 exclusion: ice statue
Orc:1 1 runed translucent door


Innate Abilities, Weirdness & Mutations

You have sharp claws.
You have razor-sharp teeth.
You have supernaturally acute eyesight. (SInv)
You cover ground quickly. (Speed+)
Your thick and shaggy fur keeps you warm. (AC +3, rC+)
Your paws help you pounce on unaware monsters.
You are incapable of wielding weapons or throwing items.
You cannot wear armour.
You gain extra lives every three experience levels.


Message History

The ogre hits you with a +0 giant club!
The orc warrior hits you from afar with a +0 trident!
The orc warrior throws a silver boomerang.
The silver boomerang hits you!
* * * LOW HITPOINT WARNING * * *
x2 You can move again.
Blink to where?
Press: ? - help, Dir - move target
As you read the scroll of blinking, it crumbles to dust.
Your cactus giant hits the orc warrior with a +0 giant spiked club!
You climb upwards.
Level annotation: 1 runed translucent door A sourceless malevolence fills the Orcish Mines...
With a horrendous wail, an alarm goes off!
A sentinel's mark forms upon you.
You hear a shout! x2
Found 92 gold pieces.
There is a stone staircase leading down here.
You start resting.
An orc sorcerer comes into view.
It is wielding a +1 dagger of protection and wearing a +2 robe of willpower.
An orc sorcerer is nearby!
You can only summon one forest at a time.
You can only summon one forest at a time.
Casting: Summon Forest (dangerous; 1% risk of failure)
Confirm with . or Enter, or press ? or * to list all spells.
An electric hum fills the air.
Casting: Summon Lightning Spire (dangerous; 1% risk of failure)
Confirm with . or Enter, or press ? or * to list all spells.
A guardian golem appears, shielding your allies.
Your lightning spire shoots out a bolt of lightning at the orc sorcerer!
The bolt of electricity hits the orc sorcerer!
Casting: Summon Guardian Golem (safe; 1% risk of failure)
Confirm with . or Enter, or press ? or * to list all spells.
A troll comes into view.
The orc sorcerer gestures at you while chanting.
The bolt of negative energy hits your lightning spire.
Your lightning spire completely resists.
The bolt of negative energy hits you!
You feel drained.
You die...
Your body crumbles into a pile of gold.

$ ##. ##
## .
#.#.T
##.$o..
9......
##.8...##
#@C......
##.......
$ .....$$
###.... $
... $.. .


You could see a troll (distracted), an orc sorcerer (ally target), a friendly
cactus giant (summoned), a friendly guardian golem (summoned) and a friendly
lightning spire (summoned, sheltered).

Vanquished Creatures
  A cane toad (Lair:2)
  A komodo dragon (Lair:5)
  An unseen horror (D:11)
  A blink frog (Lair:3)
  2 wolves
  A phantom (D:7)
  2 killer bees (D:10)
  3 electric eels (D:11)
  An orc priest (D:9)
  2 orc wizards
  A hell rat (Lair:4)
  An orc (Bailey)
  A goblin (D:4)
  A hobgoblin (D:4)
  A quokka (D:5)
  A ball python (D:4)
21 creatures vanquished.

Vanquished Creatures (collateral kills)
  Gastronok (Lair:1)
  Kirke (Lair:5)
  An orc warlord (Orc:2)
  A dire elephant (Lair:5)
  2 hydras
  Erolcha (D:9)
  A merfolk avatar (Lair:5)
  Erica (D:9)
  2 catoblepae
  2 two-headed ogres
  An orc high priest (Orc:1)
  Sonja (Lair:3)
  Nergalle (Lair:1)
  Amaemon (Lair:3)
  3 skeletal warriors (D:12)
  An orc knight (Bailey)
  5 oklob plants (Lair:5)
  A harpy (Lair:5)
  A wolf spider (Lair:4)
  2 manticores (Lair:5)
  A cyclops (D:11)
  7 elephants
  4 black mambas
  An orange demon (Lair:3)
  10 cane toads
  2 unseen horrors
  5 komodo dragons
  7 rime drakes
  6 ice devils (D:10)
  3 polar bears
  A troll (D:11)
  Prince Ribbit (D:9)
  A wind drake (Lair:5)
  2 hornets
  11 blink frogs
  2 snapping turtles (Lair:5)
  A wraith (D:9)
  3 wyverns
  29 yaks
  7 hogs (Lair:5)
  3 basilisks
  2 steam dragons
  A vampire mosquito (D:11)
  4 wargs (Orc:2)
  4 nagas (Lair:3)
  Duvessa (D:6)
  19 water moccasins
  10 orc warriors
  A sky beast (D:7)
  An ice beast (D:6)
  10 centaurs
  3 ogres
  22 wolves
  A lemure (D:8)
  2 phantoms
  A kobold brigand (D:9)
  9 bullfrogs
  A gnoll sergeant (D:9)
  A scorpion (D:6)
  A necrophage (D:4)
  2 water moccasin zombies (D:4)
  A killer bee (D:10)
  4 howler monkeys
  A centaur zombie (D:4)
  9 hounds
  6 orc priests
  2 jellies (D:6)
  Jessica (D:2)
  14 orc wizards
  2 hell rats (Lair:4)
  A scorpion zombie (D:4)
  A hound zombie (D:4)
  A hound skeleton (D:4)
  Robin (D:4)
  A gnoll (D:9)
  A howler monkey skeleton (D:4)
  6 adders
  A white imp (D:7)
  6 ufetubi (D:10)
  An adder skeleton (D:4)
  An adder zombie (D:4)
  2 worms
  2 dart slugs
  69 orcs
  9 ball pythons
  4 bats
  9 endoplasms
  A giant cockroach (D:2)
  17 goblins
  8 hobgoblins
  3 jackals (D:4)
  15 kobolds
  A quokka (D:3)
  4 frilled lizards
  5 rats
443 creatures vanquished.

Vanquished Creatures (others)
  Snorg (D:10)
  3 hydras
  A two-headed ogre (D:9)
  A skeletal warrior (D:12)
  Pikel (D:8)
  3 orc knights (Bailey)
  An orc sorcerer (Orc:2)
  A cane toad (Lair:4)
  A rime drake (Lair:3)
  A troll (D:11)
  A polar bear (Lair:1)
  A wolf spider simulacrum (D:11)
  A hornet (D:8)
  A shadow (D:8)
  A wyvern (D:7)
  A warg (Orc:2)
  An acid dragon (D:11)
  4 orc warriors
  2 black bears
  A wolf (D:11)
  A kobold brigand (D:7)
  A bullfrog (Lair:4)
  Dowan (D:6)
  3 killer bees
  2 howler monkeys (D:8)
  An orc priest (D:5)
  An iguana (D:7)
  2 hell rats (Lair:4)
  3 gnolls (D:9)
  An adder (Lair:4)
  7 orcs
  77 fungi
  142 plants
  19 snaplasher vines
289 creatures vanquished.

Grand Total: 753 creatures vanquished

Notes
Turn   | Place    | Note
-------+----------+-------------------------------------------
     0 | D:1      | croobank the Felid Summoner began the quest for the Orb.
     0 | D:1      | Reached XP level 1. HP: 7/7 MP: 4/4
   339 | D:1      | Reached skill level 3 in Dodging
   366 | D:1      | Reached XP level 2. HP: 11/11 MP: 6/6
   369 | D:1      | Learned a level 2 spell: Call Imp
  1185 | D:2      | Noticed Jessica
  1192 | D:2      | Killed Jessica
  1193 | D:2      | Reached XP level 3. HP: 14/14 MP: 2/7
  1202 | D:2      | Learned a level 3 spell: Call Canine Familiar
  1484 | D:2      | Reached XP level 4. HP: 18/18 MP: 0/8
  1700 | D:2      | Found a runed translucent door.
  1701 | D:2      | Noticed Crazy Yiuf
  1837 | D:2      | Identified the +0 robe "Ohaeracuc" {+Blink rF+ Regen+
                  | Int+2}
  3037 | D:3      | Identified the ring of Qoopt {rC+ Dex+3 Slay+2 Stlth-}
  3406 | D:4      | Noticed a phantom
  3421 | D:4      | Reached skill level 4 in Dodging
  3447 | D:4      | Reached XP level 5. HP: 19/21 MP: 1/10
  3449 | D:4      | Killed a phantom
  3592 | D:4      | Reached skill level 5 in Stealth
  3592 | D:4      | Reached skill level 5 in Summonings
  3592 | D:4      | Gained mutation: You are covered in thick fur. (AC +2)
                  | [Felid growth]
  3592 | D:4      | Reached XP level 6. HP: 24/24 MP: 1/11
  3792 | D:4      | Learned a level 3 spell: Summon Guardian Golem
  4108 | D:4      | Noticed Robin
  4117 | D:4      | Reached skill level 5 in Dodging
  4126 | D:4      | Reached skill level 1 in Fighting
  4186 | D:4      | Killed Robin
  4409 | D:4      | Found a broken altar of Ashenzari.
  4433 | D:4      | Found a basalt altar of Yredelemnul.
  4638 | D:4      | Reached XP level 7. HP: 30/30 MP: 5/13
  4715 | D:4      | Learned a level 1 spell: Apportation
  4996 | D:5      | Entered Level 5 of the Dungeon
  5093 | D:5      | Found a staircase to the Ecumenical Temple.
  5103 | Temple   | Entered the Ecumenical Temple
  5108 | Temple   | Became a worshipper of Gozag Ym Sagoz the Greedy
  5427 | D:5      | Reached skill level 1 in Hexes
  5578 | D:5      | Found a stormy altar of Qazlal.
  5822 | D:5      | Reached skill level 1 in Air Magic
  6219 | D:5      | Learned a level 4 spell: Summon Lightning Spire
  6520 | D:6      | Noticed Duvessa
  6520 | D:6      | Noticed Dowan
  6530 | D:6      | Killed Dowan
  6538 | D:6      | Slain by Duvessa
  6539 | D:6      | Reached XP level 6. HP: -1/28 MP: 0/13
  6575 | D:6      | Reached skill level 6 in Dodging
  6575 | D:6      | Reached XP level 7. HP: 31/31 MP: 7/14
  7323 | D:6      | Mangled by Duvessa
  7324 | D:6      | Reached XP level 6. HP: -8/28 MP: 1/13
  7388 | D:6      | Killed Duvessa
  7518 | D:6      | Reached XP level 7. HP: 30/33 MP: 0/14
  7749 | D:7      | Noticed a four-headed hydra
  7758 | D:7      | Killed a four-headed hydra
  7759 | D:7      | Reached skill level 5 in Fighting
  7759 | D:7      | Reached skill level 7 in Dodging
  7759 | D:7      | Reached XP level 8. HP: 37/37 MP: 5/16
  7969 | D:7      | Reached skill level 5 in Spellcasting
  8136 | D:7      | Reached skill level 1 in Translocations
  8228 | D:7      | Reached skill level 5 in Hexes
  8945 | D:7      | Found an iron altar of Okawaru.
  8945 | D:7      | Found a glowing golden altar of the Shining One.
  8945 | D:7      | Noticed an unseen horror
  9027 | D:7      | Killed an unseen horror
  9028 | D:7      | Reached XP level 9. HP: 13/41 MP: 8/18
  9878 | D:8      | Found the +5 glaive of the Guard {elec, spectral, AC+5}
  9971 | D:8      | Found a flagged portal.
  9979 | Bailey   | Entered a bailey
 10123 | Bailey   | Reached skill level 8 in Dodging
 10319 | Bailey   | Noticed an orc knight
 10321 | Bailey   | Noticed an orc knight
 10332 | Bailey   | Noticed an orc knight
 10341 | Bailey   | Killed an orc knight
 10345 | Bailey   | Killed an orc knight
 10353 | Bailey   | Killed an orc knight
 10354 | Bailey   | Reached skill level 5 in Air Magic
 10354 | Bailey   | Reached XP level 10. HP: 4/46 MP: 2/20
 10672 | Bailey   | Noticed an orc knight
 10693 | Bailey   | Killed an orc knight
 10802 | D:8      | Identified the +0 ring mail of Vaed {rCorr}
 10988 | D:8      | Reached skill level 9 in Dodging
 11649 | D:8      | Noticed Pikel
 11694 | D:8      | Killed Pikel
 12237 | D:9      | Found Torul's Tremendous Tomes.
 12358 | D:9      | Noticed Erica
 12379 | D:9      | Killed Erica
 12699 | D:9      | Identified the amulet "Kiudaul" {Spirit rN+ Str+3}
 13311 | D:9      | Noticed a two-headed ogre
 13315 | D:9      | Noticed Prince Ribbit
 13323 | D:9      | Killed a two-headed ogre
 13330 | D:9      | Killed Prince Ribbit
 13685 | D:9      | Noticed Erolcha
 13767 | D:9      | Killed Erolcha
 13768 | D:9      | Reached XP level 11. HP: 36/51 MP: 20/22
 13909 | D:9      | Found an ornate altar of the Wu Jian Council.
 13989 | D:9      | Noticed a two-headed ogre
 14006 | D:9      | Killed a two-headed ogre
 14007 | D:9      | Reached skill level 10 in Dodging
 14194 | D:10     | Entered Level 10 of the Dungeon
 14770 | D:10     | Noticed Snorg
 14792 | D:10     | Killed Snorg
 15841 | D:11     | Found a staircase to the Lair.
 16115 | D:11     | Reached skill level 11 in Dodging
 16794 | D:11     | Found a staircase to the Orcish Mines.
 17992 | D:9      | Bought the Verses on Chilling Orientation for 1056 gold
                  | pieces
 17998 | D:9      | Learned a level 5 spell: Summon Forest
 18067 | D:12     | Noticed a skeletal warrior
 18074 | D:12     | Noticed a skeletal warrior
 18077 | D:12     | Noticed a skeletal warrior
 18083 | D:12     | Killed a skeletal warrior
 18084 | D:12     | Gained mutation: Your thick and shaggy fur keeps you warm.
                  | (AC +3, rC+) [Felid growth]
 18084 | D:12     | Reached XP level 12. HP: 57/57 MP: 12/25
 18109 | D:12     | Reached skill level 10 in Summonings
 18788 | Lair:1   | Entered Level 1 of the Lair of Beasts
 19042 | Lair:1   | Noticed a four-headed hydra
 19050 | Lair:1   | Killed a four-headed hydra
 19051 | Lair:1   | Reached skill level 12 in Dodging
 19186 | Lair:1   | Noticed Gastronok
 19199 | Lair:1   | Killed Gastronok
 19383 | Lair:1   | Noticed Nergalle
 19390 | Lair:1   | Killed Nergalle
 19560 | Lair:1   | Reached skill level 5 in Translocations
 19822 | Lair:1   | Noticed a six-headed hydra
 19834 | Lair:1   | Killed a six-headed hydra
 21142 | Lair:2   | Reached skill level 10 in Fighting
 21765 | Lair:3   | Found a staircase to the Swamp.
 21791 | Lair:3   | Reached XP level 13. HP: 61/61 MP: 21/27
 21809 | Lair:3   | Reached skill level 10 in Spellcasting
 21863 | Lair:3   | Noticed Amaemon
 21898 | Lair:3   | Killed Amaemon
 22034 | Lair:3   | Found a staircase to the Snake Pit.
 22063 | Lair:3   | Slain by a catoblepas
 22064 | Lair:3   | Reached XP level 12. HP: -1/58 MP: 12/27
 22111 | Lair:3   | Killed a catoblepas
 23318 | Lair:3   | Noticed Sonja
 23351 | Lair:3   | Killed Sonja
 23782 | Lair:3   | Identified the +1 robe "Talugi" {rElec rC+}
 24219 | Lair:4   | Noticed a seven-headed hydra
 24225 | Lair:4   | Reached skill level 13 in Dodging
 24237 | Lair:4   | Killed a seven-headed hydra
 24492 | Lair:4   | Noticed a four-headed hydra
 24509 | Lair:4   | Killed a four-headed hydra
 24812 | D:9      | Bought the Exposition on Morbid Accomplices for 1200 gold
                  | pieces
 24819 | D:9      | Learned a level 6 spell: Summon Cactus Giant
 25030 | Lair:4   | Reached XP level 13. HP: 62/62 MP: 13/28
 25033 | Lair:4   | Reached skill level 10 in Translocations
 25815 | Lair:5   | Entered Level 5 of the Lair of Beasts
 25925 | Lair:5   | Found a staircase to the Slime Pits.
 25940 | Lair:5   | Killed from afar by an oklob plant
 25941 | Lair:5   | Reached XP level 12. HP: -20/59 MP: 15/27
 25963 | Lair:5   | Noticed a catoblepas
 25975 | Lair:5   | Killed a catoblepas
 26804 | Lair:5   | Noticed a merfolk avatar
 26814 | Lair:5   | Killed a merfolk avatar
 27112 | Lair:5   | Reached skill level 14 in Dodging
 27326 | Lair:5   | Noticed Kirke
 27348 | Lair:5   | Noticed a sphinx
 27357 | Lair:5   | Found the +8 trident of the Octopus King {venom, rElec
                  | rPois}
 27377 | Lair:5   | Killed Kirke
 27390 | Lair:5   | Identified the ring of Midsummer {Fly rPois rF- Int+3}
 27766 | Lair:5   | Reached XP level 13. HP: 53/63 MP: 14/29
 27920 | Lair:5   | HP: 1/63 [oklob plant/splash of acid (29)]
 29904 | Lair:5   | Noticed a dire elephant
 29927 | Lair:5   | Killed a dire elephant
 30751 | Orc:1    | Entered Level 1 of the Orcish Mines
 30962 | Orc:1    | Found a runed translucent door.
 30964 | Orc:1    | Noticed a balrug
 31374 | Orc:2    | Entered Level 2 of the Orcish Mines
 31394 | Orc:2    | Noticed an orc warlord
 31606 | Orc:2    | Found a staircase to the Elven Halls.
 31614 | Orc:2    | Killed an orc warlord
 31626 | Orc:2    | Found Hublodghy's Antique Armour Emporium.
 31814 | Orc:2    | Paralysed by an orc sorcerer for 3 turns
 31824 | Orc:1    | Killed from afar by an orc sorcerer

Illustrated notes

Levels and vault maps discovered:
D:1:      dpeg_arrival_round_c, layout_basic
D:2:      minmay_angry_zag, layout_rooms, uniq_crazy_yiuf_cottage, uniq_jessica
D:3:      layout_loops_corners
D:4:      kennysheep_goblin_castle, layout_cave_pods, grunt_ashenzari_visionary
          [grunt_ashenzari_visionary_swamp, grunt_ashenzari_visionary_snake],
          mainiacjoe_overflow_surrounded_room, serial_undead, serial_undead_a,
          serial_undead_c, serial_undead_f, serial_undead_c
D:5:      layout_cave_pools, mainiacjoe_overflow_alcove_1, temple_statues
D:6:      layout_gridville, cheibrodos_sewer_entry_bend, moated_statue,
          uniq_duvessa
D:7:      layout_basic, gammafunk_temple_overflow_pools,
          chequers_ossuary_entry_cave, due_unseen_surprise
D:8:      layout_cave_pools, enter_bailey_2, serial_co_window_serial,
          co_window_paths_a, co_window_corner_a, co_window_corner_a,
          co_window_corner_a, co_window_paths_a, co_window_corner_a,
          co_window_paths_b, co_window_2corner, co_window_corner_b,
          co_window_2corner, co_window_broadway_a, co_window_corner_cb,
          co_window_corner_b, glass_columns_b, glass_columns_b,
          kennysheep_generic_room_2, uniq_pikel
D:9:      layout_grid_maze, nzn_wu_jian_contemplation,
          nicolae_shop_i_like_big_books, uniq_prince_ribbit1, uniq_erica,
          uniq_erolcha
D:10:     cheibrodos_frozen_isle, layout_cave_pods, uniq_snorg
D:11:     layout_basic, erik_lair_island, david_orc_5
D:12:     minmay_statue_hallways, layout_layer_cave, serial_shops, shop,
          uniq_josephine
Temple:   nicolae_temple_x_marks_the_god
Lair:1:   layout_hall_layers, uniq_nergalle, uniq_gastronok
Lair:2:   layout_regular_city, st_stairs_13
Lair:3:   layout_loops_ring, swamp_mist_pool, guppyfry_snake_entry_island,
          chequers_serial_rivers_large_b, uniq_amaemon, uniq_sonja
Lair:4:   minmay_lair_venomous_thicket, layout_misc_corridors, lemuel_fruit_tree
Lair:5:   gammafunk_lair_ancient_temple, layout_cave_pods,
          minmay_slime_entry_oklob_open, uniq_kirke
Orc:1:    dreamdust_dug_too_deep, layout_diamond_mine, basic_altar
Orc:2:    grunt_orc_gardens, layout_caves, grunt_orc_garden, grunt_orc_garden,
          grunt_orc_garden, grunt_orc_garden

Skill      XL: |  1  2  3  4  5  6  7  8  9 10 11 12 13 |
---------------+----------------------------------------+-----
Dodging        | 3 4 6 7 8 9 11 14 | 14.8
Stealth        | 3 4 5 |  5.1
Spellcasting   | 3 4 5 6 8 11 10 | 11.5
Summonings     | 5 6 7 8 9 10 12 | 12.5
Fighting       | 2 5 6 7 9 11 | 11.9
Hexes          | 4 5 |  5.0
Air Magic      | 2 1 3 5 7 |  7.0
Translocations | 2 3 9 10 | 10.0

Action                   |  1- 3 |  4- 6 |  7- 9 | 10-12 | 13-15 || total
-------------------------+-------+-------+-------+-------+-------++-------
Melee: Unarmed           |     8 |    33 |    90 |   101 |     6 ||   238
       Bite              |     2 |     8 |    13 |    19 |     1 ||    43
       Punch             |       |       |     2 |     2 |       ||     4
 Cast: Summon Small Mamm |    29 |    51 |    63 |    52 |     4 ||   199
       Call Imp          |    11 |    21 |    24 |    46 |     5 ||   107
       Call Canine Famil |     3 |    21 |    38 |    77 |    15 ||   154
       Summon Guardian G |       |     6 |    24 |    49 |    10 ||    89
       Summon Lightning  |       |     2 |    12 |   119 |    48 ||   181
       Apportation       |       |       |       |    13 |       ||    13
       Summon Forest     |       |       |       |    41 |    26 ||    67
       Summon Cactus Gia |       |       |       |    16 |    28 ||    44
Invok: Potion Petition   |       |       |       |     1 |     1 ||     2
Evoke: Wand              |       |       |       |    12 |       ||    12
  Use: Scroll            |       |     8 |    12 |     4 |     1 ||    25
       Potion            |       |       |     2 |     8 |       ||    10
 Stab: Sleeping          |       |       |     1 |       |       ||     1
       Distracted        |       |       |       |     4 |       ||     4
Armor: Skin              |       |     7 |     9 |    10 |     1 ||    27
Dodge: Dodged            |    16 |    38 |   137 |   384 |    69 ||   644
